Map: King's Cove LE

Players

loginn - Winner!

  • Race: Zerg Zerg
  • Spawn Location: 11:00

Smeeeger

  • Race: Zerg Zerg
  • League: Platinum
  • Spawn Location: 5:00

VOD

Have the link to the VOD?

Description

Time

  • Played on: Aug. 4, 2019, 9:32 a.m.
  • Length: 4:50
Show
View Real Time Build Order
Export as new Build Order

loginn Zerg - Winner!

Build Orders: Hatch First 

Get SALT Encoding   

  12  0:00  Drone  
  13  0:12  Overlord  
  13  0:17  Drone  
  14  0:30  Drone  
  14  0:31  Drone  
  14  0:34  Drone  
  17  0:52  Hatchery  
  17  0:55  Drone  
  17  0:58  Drone  
  18  1:09  Extractor  
  17  1:13  Spawning Pool  
  17  1:16  Drone  
  17  1:20  Drone  
  18  1:28  Drone  
  19  1:38  Overlord  
  19  1:50  Drone  
  20  2:00  Queen  
  20  2:01  Zergling x2  
  23  2:03  Queen  
  23  2:04  Drone  
  26  2:08  Metabolic Boost  
  26  2:11  Drone  
  27  2:18  Drone  
  28  2:27  Drone  
  28  2:29  Drone  
  30  2:41  Hatchery  
  30  2:42  Drone x2  
  31  2:46  Baneling Nest  
  31  2:49  Drone  
  31  2:53  Overlord  
  31  2:56  Zergling x2  
  32  3:07  Zergling x2  
  32  3:08  Zergling x2  
  34  3:26  Zergling x14  
  41  3:37  Overlord  
  41  3:45  Baneling x6  
  41  3:47  Zergling x2  
  41  3:48  Zergling x4  
  44  3:50  Overlord  
  44  3:53  Zergling x2  
  44  3:54  Zergling x10  
  50  3:56  Baneling  
  50  4:09  Zergling x6  
  52  4:17  Zergling x2  
  52  4:18  Zergling x12  
Show
View Real Time Build Order
Export as new Build Order

Smeeeger Zerg 

Build Orders: Hatch First 

Get SALT Encoding   

  12  0:10  Drone  
  12  0:13  Overlord  
  13  0:26  Drone  
  14  0:32  Drone x2  
  17  0:42  Drone  
  17  0:56  Hatchery  
  16  0:58  Extractor  
  16  1:00  Drone  
  16  1:15  Spawning Pool  
  15  1:18  Drone  
  15  1:22  Drone  
  17  1:28  Drone  
  18  1:36  Drone  
  19  1:47  Drone  
  20  1:57  Overlord  
  20  2:02  Queen  
  20  2:07  Queen  
  24  2:09  Zergling x4  
  26  2:19  Metabolic Boost  
  26  2:28  Drone x2  
  27  2:38  Queen  
  27  2:43  Queen  
  27  2:44  Drone  
  32  2:49  Overlord  
  32  3:00  Drone  
  32  3:01  Drone  
  32  3:03  Drone x2  
  36  3:08  Baneling Nest  
  35  3:13  Drone  
  36  3:22  Drone  
  36  3:23  Drone x2, Overlord  
  39  3:32  Drone x2, Overlord  
  41  3:41  Drone x2  
  43  3:43  Drone  
  44  3:53  Evolution Chamber  
  43  4:01  Drone x3  
  46  4:08  Zergling x10  
  51  4:14  Extractor  
  51  4:15  Extractor  
  51  4:16  Zergling x4  
  49  4:21  Zergling x2  
Tags
 
Add a new tag
Caveats
  • Supply blocks, unpowered buildings, or Contaminate may cause inaccurate times.
  • Supply counts are checked every 10 seconds.